 Dungeon Crawl Stone Soup version 0.23-a0-629-gae4348f (webtiles) character file.

1614 Atlas the Magician (level 8, 0/57 HPs)
             Began as a Mummy Necromancer on Dec 26, 2018.
             Was an Initiate of Sif Muna.
             Slain by a killer bee (3 damage)
             ... on level 5 of the Dungeon.
             The game lasted 00:10:39 (7338 turns).

Atlas the Magician (Mummy Necromancer)              Turns: 7338, Time: 00:10:40

Health: 0/57       AC:  8    Str: 11    XL:     8   Next: 64%
Magic:  1/19       EV: 12    Int: 17    God:    Sif Muna [......]
Gold:   276        SH:  0    Dex: 12    Spells: 18/22 levels left

rFire    . . .     SeeInvis .   j - +2 mace (crush)
rCold    + + .     Gourm    .   (no shield)
rNeg     + + +     Faith    +   g - +0 ring mail
rPois    ∞         Spirit   .   h - +0 helmet
rElec    .         Reflect  .   m - scarf {rC+ rF+}
rCorr    .         Harm     .   (no gloves)
MR       +....                  k - +0 pair of boots
Stlth    +.........             r - amulet of faith
HPRegen  0.19/turn              q - +1 ring of evasion
MPRegen  0.16/turn              (no ring)

@: no status effects
A: no food or potions, fire vulnerability, cold resistance 1, negative energy
resistance 3, torment resistance, unbreathing
a: Renounce Religion


You were on level 5 of the Dungeon.
You worshipped Sif Muna.
Sif Muna was noncommittal.
You were not hungry.

You visited 2 branches of the dungeon, and saw 8 of its levels.

You collected 276 gold pieces.

Inventory:

Hand Weapons
 e - a +2 dagger of speed
 j - a +2 mace of crushing (weapon)
Armour
 g - a +0 ring mail (worn)
 h - a +0 helmet (worn)
 i - a +2 cloak of magic resistance
 k - a +0 pair of boots (worn)
 m - a scarf of resistance (worn)
Jewellery
 q - a +1 ring of evasion (left hand)
 r - an amulet of faith (around neck)
Wands
 p - a wand of disintegration (15)
Scrolls
 a - a scroll of fear {unknown}
 b - a scroll of teleportation {unknown}
 c - a scroll of blinking {unknown}
 d - 2 scrolls of enchant weapon {unknown}
 f - 3 scrolls of remove curse {unknown}
 l - 6 scrolls of identify
 n - a scroll of magic mapping {unknown}
 o - 2 scrolls of enchant armour {unknown}
 s - a scroll of noise {unknown}


   Skills:
 + Level 2.3 Fighting
 + Level 0.9 Short Blades
 + Level 3.1 Maces & Flails
 + Level 3.3 Armour
 + Level 2.6 Dodging
 - Level 1.5 Stealth
 + Level 0.2 Unarmed Combat
 + Level 7.6 Spellcasting
 + Level 6.9 Necromancy


You had 18 spell levels left.
You knew the following spells:

 Your Spells              Type           Power        Failure   Level  Hunger
a - Pain                  Necr           ####         1%          1    N/A
c - Vampiric Draining     Necr           ####......   4%          3    N/A

Your spell library contained the following spells:

 Spells                   Type           Power        Failure   Level  Hunger
 Animate Skeleton         Necr           N/A          1%          1    N/A
 Animate Dead             Necr           N/A          14%         4    N/A
 Confusing Touch          Hex            #.....       26%         1    N/A
 Corona                   Hex            #......      26%         1    N/A
 Ensorcelled Hibernation  Hex/Ice        #.....       36%         2    N/A
 Confuse                  Hex            #.......     58%         3    N/A
 Dazzling Spray           Conj/Hex       #.....       58%         3    N/A
 Gell's Gravitas          Tloc           #.........   58%         3    N/A
 Tukima's Dance           Hex            #.......     58%         3    N/A
 Petrify                  Tmut/Erth      #.......     94%         4    N/A
 Metabolic Englaciation   Hex/Ice        #.........   100%        5    N/A
 Yara's Violent Unravell  Hex/Tmut       #.........   100%        5    N/A
 Regeneration             Chrm/Necr      Unusable     N/A         3    N/A

Dungeon Overview and Level Annotations

Branches:
Dungeon (7/15)             Temple (1/1) D:4

Altars:
Ashenzari
Cheibriados
Dithmenos
Elyvilon
Fedhas
Hepliaklqana
Kikubaaqudgha
Makhleb
Nemelex Xobeh
Okawaru
Ru
Sif Muna
Trog
Vehumet
Wu Jian
Xom
Yredelemnul
Zin
The Shining One

Shops:
D:4 =

Annotations:
D:6 3 runed doors, HEXAflange's ghost, novice DrAE


Innate Abilities, Weirdness & Mutations

You do not eat or drink.
Your flesh is vulnerable to fire.
You are immune to poison.
Your flesh is cold resistant. (rC+)
You are immune to negative energy. (rN+++)
You are immune to unholy pain and torment.
You can survive without breathing.


Message History

You feel life coursing into your body. The killer bee stings you.
* * * LOW HITPOINT WARNING * * *
The killer bee misses you.
There is a stone staircase leading up here.
The killer bee stings you.
* * * LOW HITPOINT WARNING * * *
The killer bee closely misses you.
You climb upwards.
There is a stone staircase leading down here.
Unknown command.
You are too injured to fight recklessly!
You are too injured to fight recklessly!
You are too injured to fight recklessly!
You barely miss the killer bee. The killer bee misses you.
The killer bee stings you.
* * * LOW HITPOINT WARNING * * *
You closely miss the killer bee. The killer bee barely misses you.
The killer bee stings you but does no damage.
The killer bee stings you.
You die...

##....####))..# #...# ###....##
##)..# ##..# #######.....##
#...# #..# #...........# ##..#
#..# #...........# #..# #..#
##..........## #..# #..#
##.....#....## #..# #..#
##.######.y.## #..# #..# ###
###@.## #..## #..# ##..####...#
##..# ##### #....#.(..###>..#
###...## ##..............#
###......### ##.............#
...........### #..........).##
....<.##.....######...........##
...#######...................##
.### ####.........###...##


You could see a killer bee.

Vanquished Creatures
  A water moccasin (D:6)
  A sky beast (D:6)
  An orc warrior (D:6)
  A phantom (D:5)
  A hornet zombie (D:5)
  An ogre (D:5)
  2 bullfrogs (D:7)
  2 scorpions
  3 killer bees (D:6)
  A crimson imp (D:7)
  Crazy Yiuf (D:2)
  A jelly (D:4)
  2 hounds (D:5)
  4 orc priests
  6 orc wizards
  Terence (D:2)
  An iguana (D:7)
  2 worker ants (D:4)
  Robin (D:2)
  4 adders
  A shadow imp (D:6)
  An ooze (D:1)
  2 worms
  2 dart slugs (D:1)
  5 leopard geckos
  17 orcs
  2 bats
  8 giant cockroaches
  12 goblins
  10 hobgoblins
  11 jackals
  A quokka (D:2)
  A ball python (D:2)
  3 frilled lizards
  4 kobolds
  A leopard gecko skeleton (D:4)
  A quokka skeleton (D:5)
  4 rats
  A fungus (D:2)
124 creatures vanquished.

Notes
Turn   | Place    | Note
-------+----------+-------------------------------------------
     0 | D:1      | Atlas the Mummy Necromancer began the quest for the Orb.
     0 | D:1      | Reached XP level 1. HP: 13/13 MP: 4/4
   395 | D:1      | Reached XP level 2. HP: 17/19 MP: 1/5
   616 | D:1      | Reached skill level 3 in Spellcasting
  1260 | D:1      | Reached XP level 3. HP: 20/24 MP: 7/7
  1265 | D:1      | Learned a level 3 spell: Vampiric Draining
  1854 | D:2      | Found a glowing golden altar of the Shining One.
  2135 | D:2      | Noticed Robin
  2157 | D:2      | Killed Robin
  2157 | D:2      | Reached XP level 4. HP: 17/30 MP: 0/9
  2318 | D:2      | Noticed Terence
  2338 | D:2      | Killed Terence
  2338 | D:2      | Reached skill level 4 in Spellcasting
  2338 | D:2      | Reached skill level 5 in Necromancy
  2541 | D:2      | Found a runed door.
  2545 | D:2      | Noticed Crazy Yiuf
  2555 | D:2      | Killed Crazy Yiuf
  2555 | D:2      | Reached XP level 5. HP: 14/35 MP: 0/11
  2877 | D:3      | Found a deep blue altar of Sif Muna.
  3647 | D:4      | Found an iron altar of Okawaru.
  3668 | D:4      | Reached skill level 1 in Maces & Flails
  3668 | D:4      | Reached skill level 1 in Armour
  3938 | D:4      | Found Dackeot's Jewellery Shoppe.
  3986 | D:4      | Reached XP level 6. HP: 42/42 MP: 12/12
  4386 | D:4      | Found a staircase to the Ecumenical Temple.
  4405 | Temple   | Entered the Ecumenical Temple
  4452 | D:4      | Found a glowing silver altar of Zin.
  4622 | D:5      | Entered Level 5 of the Dungeon
  4657 | D:5      | Reached skill level 5 in Spellcasting
  4851 | D:5      | Reached XP level 7. HP: 15/47 MP: 13/15
  5094 | D:5      | Reached skill level 1 in Fighting
  5534 | D:5      | Found a burning altar of Makhleb.
  5993 | D:6      | Reached skill level 6 in Spellcasting
  6049 | D:6      | Found a runed gate.
  6082 | D:6      | Found a runed gate.
  6082 | D:6      | Found a runed gate.
  6084 | D:6      | Noticed HEXAflange's ghost (novice DrAE)
  6381 | D:6      | Reached XP level 8. HP: 54/54 MP: 16/18
  6778 | D:7      | Reached skill level 7 in Spellcasting
  7109 | D:3      | Became a worshipper of Sif Muna the Loreminder
  7338 | D:5      | Slain by a killer bee

Vault maps used:
D:1:      nzn_arrival_depleted_hourglass
D:2:      tso_oasis_becter, uniq_terence, uniq_robin, uniq_crazy_yiuf_cottage
D:3:      nicolae_overflow_crystal_walls, serial_bayou_pond_e
D:4:      kennysheep_mini, minmay_temple_entry_crystal_x, serial_bayou,
          serial_bayou_crossing, serial_bayou_lagoon_a, serial_bayou_shore_a,
          serial_bayou_pond_a, serial_shops, nicolae_shop_trees, first_ration,
          kennysheep_okawaru_gauntlet
D:5:      bloody_makhleb
D:6:      ebering_ghost_rock_garden
Temple:   minmay_freezing_vapour_temple

Skill      XL: |  1  2  3  4  5  6  7  8 |
---------------+-------------------------+-----
Spellcasting   | 3 4 5 6 7 |  7.6
Necromancy     | 5 6 |  6.9
Dodging        | 2 |  2.6
Maces & Flails | 1 2 3 |  3.1
Armour         | 1 2 3 |  3.3
Fighting       | 1 2 |  2.3
Short Blades   | |  0.9
Stealth        | |  1.5
Unarmed Combat | |  0.2

Action                   |  1- 3 |  4- 6 |  7- 9 || total
-------------------------+-------+-------+-------++-------
Melee: Unarmed           |    25 |       |       ||    25
       Dagger            |    44 |    50 |       ||    94
       Mace              |       |    67 |    99 ||   166
 Cast: Pain              |    66 |    44 |    58 ||   168
       Vampiric Draining |     1 |     9 |    17 ||    27
  Use: Scroll            |       |       |     1 ||     1
Armor: Robe              |     3 |       |       ||     3
       Ring mail         |     6 |    40 |    78 ||   124
Dodge: Dodged            |    45 |    59 |   131 ||   235

Table legend:
 A = Non-vault XP
 B = Vault XP
 C = Vault XP percentage of total XP
 D = Non-vault monster count
 E = Vault monster count
 F = Vault count percentage of total count
                 A         B        C        D         E       F
            +---------+---------+-------+---------+---------+-------
      Total |    2189 |     118 |   5.1 |     110 |      13 |  10.6
            +---------+---------+-------+---------+---------+-------
        D:1 |      45 |       0 |   0.0 |      20 |       0 |   0.0
        D:2 |      35 |     118 |  77.1 |      14 |      13 |  48.1
        D:3 |      22 |       0 |   0.0 |      10 |       0 |   0.0
        D:4 |     224 |       0 |   0.0 |      20 |       0 |   0.0
        D:5 |     555 |       0 |   0.0 |      12 |       0 |   0.0
        D:6 |    1037 |       0 |   0.0 |      28 |       0 |   0.0
        D:7 |     271 |       0 |   0.0 |       6 |       0 |   0.0
            +---------+---------+-------+---------+---------+-------
